 Dungeon Crawl Stone Soup version 0.26.0-18-gc5c842f807 (webtiles) character file.

Game seed: 7615373538847302584

33 Cazemata the Chopper (level 3, -3/31 HPs)
             Began as a Minotaur Berserker on Jan 21, 2021.
             Was a Follower of Trog.
             Slain by Grinder (4 damage)
             ... on level 3 of the Dungeon on Jan 22, 2021.
             The game lasted 00:03:27 (1661 turns).

Cazemata the Chopper (Minotaur Berserker)           Turns: 1661, Time: 00:03:28

Health: -3/31      AC:  3    Str: 21    XL:     3   Next: 12%
Magic:  2/2        EV: 12    Int:  5    God:    Trog [*.....]
Gold:   190        SH:  0    Dex:  9    Spells: 2/2 levels left

rFire    . . .     SeeInvis .   a - +0 hand axe
rCold    . . .     Faith    .   (no shield)
rNeg     . . .     Spirit   .   b - +0 animal skin
rPois    +         Reflect  .   (helmet restricted)
rElec    .         Harm     .   (no cloak)
rCorr    .         Rampage  .   l - +0 pair of gloves (curse)
Will     .....                  (no boots)
Stlth    +.........             (no amulet)
HPRegen  0.10/turn              m - ring of poison resistance
MPRegen  0.08/turn              (no ring)

@: confused
A: retaliatory headbutt, horns 2
a: Renounce Religion, Berserk


You were on level 3 of the Dungeon.
You worshipped Trog.
Trog was aware of your devotion.
You visited 1 branch of the dungeon, and saw 3 of its levels.

You collected 190 gold pieces.

Inventory:

Hand Weapons
 a - a +0 hand axe (weapon)
Armour
 b - a +0 animal skin (worn)
 l - a cursed +0 pair of gloves (worn)
Jewellery
 m - a ring of poison resistance (left hand)
Wands
 k - a wand of paralysis (12)
Scrolls
 c - 4 scrolls of teleportation {unknown}
 d - 3 scrolls of identify {unknown}
 f - a scroll of remove curse {unknown}
 g - a scroll of fear {unknown}
 i - a scroll of immolation {unknown}
Potions
 e - 3 potions of attraction {unknown}
 h - a potion of might {unknown}
 j - a potion of curing {unknown}
 n - a potion of heal wounds {unknown}


   Skills:
 - Level 3.6 Fighting
 * Level 5.2 Axes
 - Level 2.4 Armour
 - Level 2.1 Dodging


You had 2 spell levels left.
You didn't know any spells.
Your spell library was empty.

Dungeon Overview and Level Annotations

Branches:
Dungeon (3/15)

Altars:
Dithmenos
Gozag
Vehumet

Annotations:
D:3 Grinder


Innate Abilities, Weirdness & Mutations

You reflexively headbutt those who attack you in melee.
You have a pair of horns on your head.


Message History

The orc priest is moderately wounded.
You miss the orc wizard. You hit the kobold.
Grinder blinks!
The kobold hits you with a +0 whip. The orc priest hits you with a +0 whip.
The orc wizard hits you with a +0 dagger.
You are too injured to fight recklessly!
You are too injured to fight recklessly!
You are too injured to fight recklessly!
Unknown command.
You hit the orc wizard. Your headbutt misses the orc wizard.
The orc wizard is heavily wounded.
You hit the kobold.
You kill the kobold!
Trog accepts your kill.
You barely miss the orc priest. The orc priest hits you with a +0 whip.
The orc wizard gestures at you while chanting.
You are confused.
Grinder hits you!
* * * LOW HITPOINT WARNING * * *
You writhe in agony.
You die...

.. #>.. #.# #...
#..###...
.......!##
.......w.##
.......[..######
......o)o.......
......5@<.#
!..ยง.....>#
..........#
.........##
..#.....## #
#######


You could see Grinder, a worm, an orc priest and an orc wizard.

Vanquished Creatures
  An ooze (D:1)
  A dart slug (D:2)
  2 orcs (D:3)
  6 bats
  A giant cockroach (D:2)
  3 goblins (D:1)
  3 hobgoblins
  3 kobolds
  4 rats
24 creatures vanquished.

Notes
Turn   | Place    | Note
-------+----------+-------------------------------------------
     0 | D:1      | Cazemata the Minotaur Berserker began the quest for the
                  | Orb.
     0 | D:1      | Reached XP level 1. HP: 19/19 MP: 0/0
   211 | D:1      | Reached skill level 4 in Axes
   313 | D:1      | Reached XP level 2. HP: 23/26 MP: 1/1
   838 | D:1      | Upgraded the game from 0.26.0-16-gc1dbca0489 to
                  | 0.26.0-18-gc5c842f807
  1029 | D:2      | Reached skill level 5 in Axes
  1324 | D:2      | Reached XP level 3. HP: 31/31 MP: 2/2
  1497 | D:2      | Found an opulent altar of Gozag.
  1597 | D:2      | Found a shadowy altar of Dithmenos.
  1598 | D:2      | Found a radiant altar of Vehumet.
  1655 | D:3      | Noticed Grinder
  1661 | D:3      | HP: 1/31 [Grinder (10)]
  1661 | D:3      | Slain by Grinder

Illustrated notes

Levels and vault maps discovered:
D:1:      dpeg_arrival_court, layout_basic, chequers_serial_rivers_micro_b,
          hex_large
D:2:      layout_basic, gammafunk_temple_overflow_statue,
          minmay_misc_feat_encased, grunt_gozag_breadcrumbs
D:3:      layout_rooms, uniq_crazy_yiuf_cottage, uniq_grinder

Skill      XL: |  1  2 |
---------------+-------+-----
Axes           | 4 5 |  5.2
Fighting       | |  3.6
Armour         | |  2.4
Dodging        | |  2.1

Action                   || total
-------------------------++-------
Melee: Hand axe          ||    50
       Headbutt          ||     6
Armor: Animal skin       ||     7
Dodge: Dodged            ||    28
